 Dungeon Sprint DCSS version 0.22.1-2-g9c5b331 (webtiles) character file.

23296 diana the Executioner (level 12, -19/128 HPs)
             Began as a Minotaur Fighter on Dec 15, 2018.
             Was the Champion of Makhleb.
             Killed from afar by Aizul (31 damage)
             ... with a bolt of poison
             ... in the Dungeon (Sprint VII: "The Pits").
             The game lasted 00:11:08 (2129 turns).

diana the Executioner (Minotaur Fighter)            Turns: 2129, Time: 00:11:09

Health: -19/128    AC: 20    Str: 26    XL:     12   Next: 70%
Magic:  3/22       EV: 10    Int:  5    God:    Makhleb [******]
Gold:   53         SH: 11    Dex: 10    Spells: 11/11 levels left

rFire    . . .     SeeInvis .   y - +2 war axe (chop)
rCold    . . .     Gourm    .   c - +0 shield
rNeg     . . .     Faith    .   z - +3 plate armour
rPois    .         Spirit   .   (helmet restricted)
rElec    .         Reflect  .   (no cloak)
rCorr    .         Harm     .   A - +0 pair of gloves
MR       .....     NoTele   +   (no boots)
Stlth    ..........             (no amulet)
HPRegen  0.31/turn              v - +3 ring of evasion
MPRegen  0.18/turn              u - +3 ring of protection

@: lethally poisoned (-19 -> -48), very slightly contaminated
A: retaliatory headbutt, horns 2
a: Minor Destruction, Lesser Servant of Makhleb, Major Destruction, Greater
Servant of Makhleb, Renounce Religion


You were in the Dungeon.
You worshipped Makhleb.
Makhleb was exalted by your worship.
You were very hungry.

You visited 1 branch You collected 53 gold pieces.

Inventory:

Hand Weapons
 a - a +4 vampiric battleaxe
 m - a +2 mace
 y - a +2 war axe of chopping (weapon)
Armour
 c - a +0 shield (worn)
 z - a +3 plate armour (worn)
 A - a +0 pair of gloves (worn)
Jewellery
 t - an uncursed ring of protection from cold
 u - a +3 ring of protection (right hand)
 v - a +3 ring of evasion (left hand)
 B - an uncursed ring of ice
Wands
 d - a wand of random effects (28)
Scrolls
 b - 3 scrolls of fear
 l - 2 scrolls of enchant armour
 o - 7 scrolls of remove curse
 p - 5 scrolls of amnesia
 q - a scroll of summoning
 s - a scroll of identify
Potions
 e - 10 potions of curing
 g - 5 potions of heal wounds
 h - a potion of haste
 i - 3 potions of magic
 j - 6 potions of berserk rage
 n - 2 potions of invisibility
 r - a potion of agility
 w - a potion of mutation
 x - a potion of might
Comestibles
 f - 9 rations


   Skills:
 + Level 18.7 Fighting
 * Level 24.4 Axes
 - Level 6.3 Armour
 - Level 4.4 Dodging
 - Level 6.3 Shields
 + Level 15.8 Invocations


You had 11 spell levels left.
You didn't know any spells.
Your spell library was empty.

Dungeon Overview and Level Annotations

Branches:
Dungeon (1/1)

Altars:
Ashenzari
Cheibriados
Dithmenos
Elyvilon
Fedhas
Gozag
Hepliaklqana
Kikubaaqudgha
Makhleb
Nemelex Xobeh
Okawaru
Qazlal
Ru
Sif Muna
Trog
Uskayaw
Vehumet
Wu Jian
Xom
Yredelemnul
Zin
The Shining One
Beogh
Jiyva
Lugonu

Annotations:
D Aizul


Innate Abilities, Weirdness & Mutations

You reflexively headbutt those who attack you in melee.
You have a pair of horns on your head.


Message History

The soldier ant poisons your green death!
Aizul coils herself and waves her upper body at you.
You block the poison arrow.
You feel better. Aizul casts a spell at you.
You fall asleep.
Your green death hits the soldier ant!
The soldier ant dies!
Makhleb accepts your kill. Aizul casts a spell at you.
The bolt of poison hits you!
You are poisoned.
You wake up.
* * * LOW HITPOINT WARNING * * *
Your green death completely misses Aizul.
Aizul says, "Feeling sleepy?"
Aizul casts a spell at you. The bolt of poison hits you!
You are lethally poisoned!
You die...

#.%.................
#..################. #..)#.#Y#
#. #..#†#W# #. #..##R# #.
#.†#.#e# #. #.2## #.# #.
#.S################.
#############..@................
#_________.##...................
#_________.###########''########
#_______...###########''########
##########'##................##.
#.?(.'.))'.##......#..#......##.
##########.##................''.
#..........)'................''.
#'#####'#####......#..#......##.


You could see Aizul and a friendly green death.

Vanquished Creatures
  A deep elf sorcerer (D)
  A ghost moth (D)
  An eidolon (D)
  An anaconda (D)
  An unseen horror (D)
  2 phantasmal warriors (D)
  3 harpies (D)
  2 deep elf magi (D)
  Maurice (D)
  A large abomination (D)
  Psyche (D)
  2 rust devils (D)
  A gargoyle (D)
  A spiny frog (D)
  An orange demon (D)
  A yaktaur (D)
  A demonic crawler (D)
  A wandering mushroom (D)
  A guardian mummy (D)
  A polar bear (D)
  2 tyrant leeches (D)
  6 dream sheep (D)
  3 slime creatures (D)
  Sigmund (D)
  A wyvern (D)
  A fire bat (D)
  A water elemental (D)
  A hungry ghost (D)
  4 vampire mosquitoes (D)
  A warg (D)
  An acid dragon (D)
  An ice beast (D)
  A sky beast (D)
  Purgy (D)
  An eye of draining (D)
  4 wolves (D)
  2 phantoms (D)
  2 ogres (D)
  A crocodile (D)
  2 big kobolds (D)
  A bullfrog (D)
  2 orc priests (D)
  3 orc wizards (D)
  A hell rat (D)
  An adder (D)
  A gnoll (D)
  A white imp (D)
  A worm (D)
  2 leopard geckos (D)
  7 orcs (D)
  A bat skeleton (D)
  A giant cockroach (D)
  A goblin (D)
  A jackal (D)
  A quokka (D)
  A ball python (D)
  A bat (D)
  A bat simulacrum (D)
  A kobold (D)
  A leopard gecko simulacrum (D)
  2 rats (D)
94 creatures vanquished.

Vanquished Creatures (collateral kills)
  Saint Roka (D)
  A ghost moth (D)
  An apis (D)
  A rakshasa (D)
  A two-headed ogre (D)
  A vampire mage (D)
  An orc high priest (D)
  A shadow wraith (D)
  A flayed ghost (D)
  A phantasmal warrior (D)
  An orc sorcerer (D)
  2 orange demons (D)
  A smoke demon (D)
  A spiny frog (D)
  A merfolk (D)
  A jumping spider (D)
  A slime creature (D)
  A ynoxinul (D)
  A redback (D)
  A tarantella (D)
  A small abomination (D)
  2 soldier ants (D)
  A warg (D)
  4 orc warriors (D)
  2 orc priests (D)
  4 orcs (D)
  A kobold (D)
36 creatures vanquished.

Vanquished Creatures (others)
  A sea snake (D)
1 creature vanquished.

Grand Total: 131 creatures vanquished

Notes
Turn   | Place    | Note
-------+----------+-------------------------------------------
     0 | D        | diana the Minotaur Fighter began the quest for the Orb.
     0 | D        | Reached XP level 1. HP: 19/19 MP: 0/0
    44 | D        | Found a bloodstained altar of Trog.
    44 | D        | Found a deep blue altar of Sif Muna.
    44 | D        | Found a viscous altar of Jiyva.
    44 | D        | Found a hazy altar of Hepliaklqana.
    44 | D        | Found an opulent altar of Gozag.
    45 | D        | Found a glowing golden altar of the Shining One.
    45 | D        | Found a glowing silver altar of Zin.
    45 | D        | Found a basalt altar of Yredelemnul.
    45 | D        | Found a shimmering altar of Xom.
    45 | D        | Found an ornate altar of the Wu Jian Council.
    45 | D        | Found a sacrificial altar of Ru.
    45 | D        | Found a stormy altar of Qazlal.
    45 | D        | Found an iron altar of Okawaru.
    45 | D        | Found a sparkling altar of Nemelex Xobeh.
    45 | D        | Found a burning altar of Makhleb.
    45 | D        | Found a blossoming altar of Fedhas.
    45 | D        | Found a white marble altar of Elyvilon.
    45 | D        | Found a shadowy altar of Dithmenos.
    45 | D        | Found a snail-covered altar of Cheibriados.
    47 | D        | Found a radiant altar of Vehumet.
    47 | D        | Found a corrupted altar of Lugonu.
    47 | D        | Found a roughly hewn altar of Beogh.
    48 | D        | Found a hide-covered altar of Uskayaw.
    48 | D        | Found an ancient bone altar of Kikubaaqudgha.
    48 | D        | Found a shattered altar of Ashenzari.
    54 | D        | Became a worshipper of Makhleb the Destroyer
    73 | D        | Reached skill level 3 in Axes
    73 | D        | Reached skill level 1 in Dodging
    73 | D        | Reached XP level 2. HP: 14/27 MP: 1/1
   216 | D        | Reached * piety under Makhleb
   216 | D        | Reached skill level 4 in Axes
   225 | D        | Reached ** piety under Makhleb
   282 | D        | Noticed an ice beast
   283 | D        | Noticed a phantom
   283 | D        | Noticed a big kobold
   283 | D        | Noticed Sigmund
   293 | D        | Killed an ice beast
   293 | D        | Reached skill level 5 in Fighting
   293 | D        | Reached skill level 6 in Axes
   293 | D        | Reached skill level 5 in Armour
   293 | D        | Reached skill level 5 in Shields
   293 | D        | Reached XP level 3. HP: 36/36 MP: 1/3
   293 | D        | Reached XP level 4. HP: 42/42 MP: 1/4
   297 | D        | Reached *** piety under Makhleb
   301 | D        | Killed a big kobold
   301 | D        | Reached skill level 7 in Axes
   301 | D        | Reached XP level 5. HP: 43/51 MP: 1/6
   303 | D        | Reached skill level 8 in Axes
   308 | D        | Killed a phantom
   308 | D        | Reached skill level 9 in Axes
   308 | D        | Reached XP level 6. HP: 59/60 MP: 2/8
   309 | D        | Reached **** piety under Makhleb
   323 | D        | Killed Sigmund
   323 | D        | Reached skill level 11 in Axes
   323 | D        | Reached skill level 5 in Invocations
   341 | D        | Reached XP level 7. HP: 56/70 MP: 5/10
   344 | D        | Noticed a deep elf mage
   350 | D        | Killed a deep elf mage
   350 | D        | Reached ***** piety under Makhleb
   350 | D        | Reached skill level 10 in Fighting
   350 | D        | Reached skill level 13 in Axes
   350 | D        | Reached XP level 8. HP: 46/79 MP: 6/12
   361 | D        | Reached skill level 14 in Axes
   365 | D        | Noticed a polar bear
   365 | D        | Noticed Purgy
   371 | D        | Killed a polar bear
   374 | D        | Killed Purgy
   564 | D        | Noticed a gargoyle
   577 | D        | Killed a gargoyle
   577 | D        | Reached ****** piety under Makhleb
   577 | D        | Reached skill level 15 in Axes
   577 | D        | Reached XP level 9. HP: 87/90 MP: 14/14
   596 | D        | Noticed a phantasmal warrior
   600 | D        | Killed an unseen horror
   600 | D        | Reached skill level 16 in Axes
   606 | D        | Killed a phantasmal warrior
   606 | D        | Reached skill level 10 in Invocations
   658 | D        | Noticed a large abomination
   669 | D        | Killed a large abomination
   669 | D        | Reached skill level 17 in Axes
   764 | D        | Noticed an anaconda
   765 | D        | Noticed Psyche
   771 | D        | Killed an anaconda
   771 | D        | Reached XP level 10. HP: 94/101 MP: 15/17
   772 | D        | Killed Psyche
   772 | D        | Reached skill level 18 in Axes
   796 | D        | Noticed a spiny frog
   802 | D        | Killed a spiny frog
   894 | D        | Noticed a phantasmal warrior
   904 | D        | Killed a phantasmal warrior
   969 | D        | Reached skill level 19 in Axes
  1007 | D        | Noticed a harpy
  1007 | D        | Noticed a harpy
  1007 | D        | Noticed a harpy
  1017 | D        | Killed a harpy
  1017 | D        | Reached skill level 15 in Fighting
  1018 | D        | Killed a harpy
  1018 | D        | Reached skill level 20 in Axes
  1018 | D        | Reached XP level 11. HP: 94/112 MP: 19/19
  1019 | D        | Killed a harpy
  1087 | D        | Noticed a deep elf mage
  1089 | D        | Noticed an orc sorcerer
  1092 | D        | Killed a deep elf mage
  1092 | D        | Paralysed by an orc sorcerer for 2 turns
  1100 | D        | Killed an orc sorcerer
  1488 | D        | Noticed Saint Roka
  1490 | D        | Noticed a flayed ghost
  1495 | D        | Killed a flayed ghost
  1497 | D        | Noticed an orc high priest
  1518 | D        | Killed Saint Roka
  1518 | D        | Reached skill level 21 in Axes
  1522 | D        | Killed an orc high priest
  1774 | D        | Reached skill level 22 in Axes
  1846 | D        | Noticed a two-headed ogre
  1848 | D        | Noticed a phantasmal warrior
  1852 | D        | Killed a two-headed ogre
  1852 | D        | Reached XP level 12. HP: 114/124 MP: 21/21
  1861 | D        | Reached skill level 23 in Axes
  2029 | D        | Noticed Maurice
  2036 | D        | Killed a ghost moth
  2036 | D        | Reached skill level 15 in Invocations
  2049 | D        | Killed Maurice
  2067 | D        | Noticed an eidolon
  2074 | D        | Noticed an apis
  2074 | D        | Noticed a rakshasa
  2076 | D        | Noticed a deep elf sorcerer
  2083 | D        | Killed a rakshasa
  2086 | D        | Killed an eidolon
  2091 | D        | Killed an apis
  2091 | D        | Reached skill level 24 in Axes
  2093 | D        | Killed a deep elf sorcerer
  2098 | D        | Killed a ghost moth
  2103 | D        | Noticed a vampire mage
  2110 | D        | Killed a vampire mage
  2112 | D        | Noticed Aizul
  2116 | D        | HP: 5/128 [Aizul (38)]
  2129 | D        | Killed from afar by Aizul

Skill      XL: |  1  2  3  4  5  6  7  8  9 10 11 12 |
---------------+-------------------------------------+-----
Fighting       | 4 5 6 7 9 10 11 13 15 17 18 | 18.7
Axes           | 3 6 7 9 11 13 15 17 20 22 24 | 24.4
Armour         | 4 5 6 |  6.3
Dodging        | 1 3 4 |  4.4
Shields        | 4 5 6 |  6.3
Invocations    | 2 3 4 6 7 9 11 12 14 15 | 15.8

Action                   |  1- 3 |  4- 6 |  7- 9 | 10-12 || total
-------------------------+-------+-------+-------+-------++-------
Melee: War axe           |    17 |       |    34 |   183 ||   234
       Hand axe          |     7 |    30 |    17 |       ||    54
       Headbutt          |     2 |     3 |    10 |    39 ||    54
Invok: Minor Destruction |       |     1 |       |       ||     1
       Major Destruction |       |       |     3 |     4 ||     7
       Greater Servant o |       |       |       |     6 ||     6
  Use: Potion            |       |     1 |       |    12 ||    13
       Scroll            |       |       |       |     1 ||     1
 Stab: Distracted        |       |       |       |     2 ||     2
  Eat: Chunk             |       |       |       |     3 ||     3
Armor: Scale mail        |     9 |       |       |       ||     9
       Plate armour      |     4 |    17 |    16 |   111 ||   148
Dodge: Dodged            |     5 |     1 |     4 |    76 ||    86
Block: Shield            |    10 |     7 |    18 |   104 ||   139
